 Dungeon Crawl Stone Soup version 0.32-a0-468-g38b2580584 (webtiles) character file.

Game seed: 2350158156199524542

19946 anacleto the Metamorph (level 12, -13/126 HPs)
             Began as a Troll Shapeshifter on Feb 24, 2024.
             Was a High Priest of Qazlal.
             Mangled by a large slime creature (25 damage)
             ... on level 13 of the Dungeon.
             The game lasted 00:24:44 (11366 turns).

anacleto the Metamorph (Troll Shapeshifter)        Turns: 11366, Time: 00:24:44

Health: -13/126    AC: 17    Str: 40    XL:     12   Next: 41%
Magic:  11/11      EV: 11    Int:  6    God:    Qazlal [*****.]
Gold:   530        SH:  6    Dex: 15    Spells: 11/11 levels left

rFire   . .          .
                       - Unarmed
rCold   . . .        (shield currently unavailable)
rNeg    . . .        C - melded +0 acid dragon scales
rPois   +            L - melded +2 hat
rElec   .            (cloak currently unavailable)
rCorr   .            (gloves unavailable)
SInv    .            (boots unavailable)
Will    .....        (no amulet)
Stlth   +            o - +6 ring of dexterity
HPRegen 1.21/turn    z - +6 ring of strength
MPRegen 0.12/turn

%: repel missiles
@: snake-form, protected from physical damage
A: constrict, boosted hp, large, unfitting armour, (claws 3), regeneration 1,
(shaggy fur 1), (tough skin 1)
a: Begin Untransformation, Renounce Religion, Upheaval, Elemental Force,
Disaster Area


You were on level 13 of the Dungeon.
You worshipped Qazlal.
Qazlal was extremely pleased with you.
You were an enormous serpent.
You visited 1 branch of the dungeon, and saw 13 of its levels.

You collected 826 gold pieces.
You spent 296 gold pieces at shops.

Inventory:

Missiles
 j - 13 large rocks
 s - 6 javelins (quivered)
 u - 6 boomerangs
 B - 2 silver javelins
 E - 2 curare-tipped darts
 J - 2 throwing nets
Armour
 C - +0 acid dragon scales (melded)
 L - a +2 hat (melded)
Jewellery
 o - a +6 ring of dexterity (left hand)
 z - a +6 ring of strength (right hand)
 D - a +4 ring of protection
 K - a ring of fire
Talismans
 w - a serpent talisman (active)
Wands
 r - a wand of polymorph (23)
 M - a wand of flame (10)
 N - a wand of roots (3)
 O - a wand of mindburst (4)
 Q - a wand of light (5)
Scrolls
 c - 2 scrolls of enchant weapon
 d - 2 scrolls of fear
 f - 2 scrolls of poison
 g - a scroll of blinking
 h - 5 scrolls of teleportation
 i - 2 scrolls of amnesia
 k - a scroll of silence
 l - 3 scrolls of immolation
 t - 4 scrolls of vulnerability
 v - 2 scrolls of butterflies
 x - a scroll of enchant armour
 y - 5 scrolls of revelation
 F - a scroll of brand weapon {unknown}
 H - 4 scrolls of identify
Potions
 a - a potion of magic {unknown}
 b - 5 potions of lignification
 e - 5 potions of mutation
 m - 7 potions of curing
 n - 2 potions of enlightenment {unknown}
 p - 2 potions of might
 q - 2 potions of heal wounds
 A - a potion of haste
 G - 2 potions of brilliance {unknown}
 I - 2 potions of attraction {unknown}
Miscellaneous
 P - a phantom mirror


   Skills:
 + Level 3.0 Fighting
 + Level 1.3 Throwing
 + Level 3.4 Dodging
 + Level 4.8 Unarmed Combat
 + Level 0.9 Invocations
 * Level 17.8 Shapeshifting


You had 11 spell levels left.
You didn't know any spells.
Your spell library contained the following spells:

 Spells                   Type           Power      Damage    Failure   Level
 Ensorcelled Hibernation  Hex/Ice        0%         N/A       58%         2
 Dazzling Flash           Conj/Hex       0%         N/A       83%         3
 Fugue of the Fallen      Necr           0%         N/A       83%         3
 Passwall                 Erth           0%         N/A       83%         3
 Swiftness                Air            0%         N/A       83%         3
 Volatile Blastmotes      Fire/Tloc      0%         2d10      83%         3
 Anguish                  Hex/Necr       0%         N/A       99%         4
 Starburst                Conj/Fire      0%         6d3       100%        6
 Maxwell's Capacitive Co  Air            0%         ∞         100%        8


Dungeon Overview and Level Annotations

Branches:
Dungeon (13/15)            Temple (0/1) D:5            Lair (0/5) D:9
    Orc (0/2) D:11
 Vaults: D:13-14

Altars:
Ashenzari
Dithmenos
Hepliaklqana
Makhleb
Qazlal
Uskayaw
Vehumet
Yredelemnul

Shops:
D:1 [*   D:12 ?


Innate Abilities, Weirdness & Mutations

You are an enormous serpent.
You have a powerful constriction melee attack.
Your maximum health is increased.
Your armour is entirely melded.
You are incapable of wielding weapons or throwing items.
You are too large for most types of armour.
((You have claws for hands.))
Your natural rate of healing is unusually fast.
((You are covered in fur. (AC +1)))
((You have tough skin. (AC +1)))


Message History

Ouch! That really hurt!
Unknown command.
The enormous slime creature is engulfed in blazing flames.
The enormous slime creature is engulfed in freezing vapours.
An enormous slime creature splits.
The large slime creature attacks as it pursues you!
The large slime creature hits you.
You feel more protected from physical attacks.
The large slime creature is engulfed in freezing vapours.
A large slime creature splits.
The slime creature attacks as it pursues you!
The slime creature barely misses you. The slime creature hits you!
You feel more protected from physical attacks.
You body-slam the slime creature!!
The slime creature is almost dead.
Two slime creatures merge to form a very large slime creature.
The slime creature is engulfed in blazing flames.
You kill the slime creature!
Qazlal accepts your kill.
The very large slime creature misses you.
Found a scroll labelled EQUOWA REPTE and a book of Transmutation.
The very large slime creature hits you!!
* * * LOW HITPOINT WARNING * * *
You feel more protected from physical attacks.
The very large slime creature is engulfed in blazing flames.
A very large slime creature splits.
The large slime creature is engulfed in blazing flames.
The slime creature closely misses you.
You hit the slime creature.
The slime creature is severely wounded.
The large slime creature hits you!!
* * * LOW HITPOINT WARNING * * *
The large slime creature attacks as it pursues you!
The large slime creature hits you.
* * * LOW HITPOINT WARNING * * *
The large slime creature is engulfed in freezing vapours.
The slime creature is engulfed in blazing flames.
The large slime creature is engulfed in blazing flames.
The large slime creature hits you!!
You die...

##.....#####...#..
#........# ...###
#°.......+ ...#..
#........# ...#..
#°.......# ...#..
#°.......# ...#..
#☼°......# #..
#####JJ§.....# ###
#....S#+###...?..
# #...§.# ......
#.....# .....:#
#.....# ......#
####### .....##
...#


You could see a large slime creature and a slime creature.

Vanquished Creatures
  Fannar (D:10)
  Erolcha (D:10)
  A catoblepas (D:12)
  A centaur warrior (D:13)
  2 two-headed ogres
  A boulder beetle (D:13)
  3 skeletal warriors (D:11)
  An ugly thing (D:7)
  4 cyclopes
  Jeremiah (D:7)
  8 kobold demonologists
  A rime drake (D:9)
  A troll (D:10)
  Prince Ribbit (D:7)
  A slime creature (D:13)
  Sigmund (D:5)
  2 vampires
  2 shadows
  A spriggan (D:10)
  A wyvern (D:7)
  15 yaks
  2 basilisks (D:12)
  A wraith (D:11)
  A steam dragon (D:9)
  4 vampire mosquitoes (D:11)
  3 acid dragons
  3 sky beasts
  4 ice beasts
  An orc warrior (D:7)
  2 ogres
  2 centaurs
  5 wolves (D:9)
  3 kobold brigands
  3 phantoms (D:11)
  2 bullfrogs
  A gnoll sergeant (D:10)
  2 scorpions
  5 earth elementals (D:12)
  A troll zombie (D:11)
  11 killer bees
  6 howler monkeys
  A bombardier beetle (D:5)
  4 jellies
  A hound (D:5)
  8 orc priests
  2 gnoll boudas
  3 iguanas
  3 sleepcaps
  Natasha (thrice) (D:4)
  7 orc wizards
  A statue (D:6)
  7 ogre zombies (D:11)
  14 gnolls
  6 adders
  A shadow imp (D:7)
  6 ufetubi
  4 dart slugs
  2 ribbon worms
  23 orcs
  3 bats
  4 endoplasms
  3 giant cockroaches
  4 gnoll zombies (D:11)
  5 goblins
  11 hobgoblins
  8 kobolds
  2 quokkas (D:1)
  7 ball pythons
  3 frilled lizards (D:1)
  2 gnoll skeletons (D:11)
  4 orc skeletons (D:11)
  15 orc zombies (D:11)
  6 rats
285 creatures vanquished.

Notes
Turn   | Place    | Note
-------+----------+-------------------------------------------
     0 | D:1      | anacleto the Troll Shapeshifter began the quest for the
                  | Orb.
     0 | D:1      | Reached XP level 1. HP: 18/18 MP: 0/0
   238 | D:1      | Reached skill level 1 in Fighting
   238 | D:1      | Found Limnitre's Antique Armour Shop.
   246 | D:1      | Reached XP level 2. HP: 27/27 MP: 1/1
   292 | D:1      | Found Zicop's General Store.
   309 | D:1      | Bought a scroll of identify for 24 gold pieces
   626 | D:1      | Found a faded altar of an unknown god.
   964 | D:2      | Reached XP level 3. HP: 30/33 MP: 2/2
  1715 | D:3      | Reached XP level 4. HP: 41/41 MP: 3/3
  1841 | D:3      | Reached skill level 4 in Shapeshifting
  1966 | D:3      | Reached XP level 5. HP: 28/49 MP: 4/4
  2069 | D:3      | Noticed a +0 falchion
  2069 | D:3      | Noticed a +0 short sword
  2070 | D:3      | Noticed a +0 dagger
  2071 | D:3      | Noticed a +0 spear
  2071 | D:3      | Noticed a +0 short sword
  2072 | D:3      | Noticed a +0 spear
  2072 | D:3      | Noticed a +0 falchion
  2072 | D:3      | Noticed a +0 dagger
  2078 | D:3      | Found a hide-covered altar of Uskayaw.
  2412 | D:4      | Found a basalt altar of Yredelemnul.
  2455 | D:4      | Noticed Natasha
  2478 | D:4      | Killed Natasha
  2479 | D:4      | Reached XP level 6. HP: 35/57 MP: 5/5
  2663 | D:4      | Noticed Natasha
  2678 | D:4      | Killed Natasha
  2688 | D:4      | Noticed Natasha
  2697 | D:4      | Killed Natasha
  2698 | D:4      | Reached skill level 5 in Shapeshifting
  2860 | D:4      | Found a stormy altar of Qazlal.
  2960 | D:4      | Became a worshipper of Qazlal Stormbringer
  3114 | D:4      | Found a shadowy altar of Dithmenos.
  3513 | D:5      | Entered Level 5 of the Dungeon
  3605 | D:5      | Reached XP level 7. HP: 53/66 MP: 6/6
  3880 | D:5      | Found a staircase to the Ecumenical Temple.
  4051 | D:1      | Bought a potion of heal wounds for 60 gold pieces
  4051 | D:1      | Bought a scroll of identify for 24 gold pieces
  4051 | D:1      | Bought a scroll of butterflies for 48 gold pieces
  4409 | D:5      | Noticed Sigmund
  4673 | D:5      | Killed Sigmund
  4674 | D:5      | Reached skill level 6 in Shapeshifting
  4794 | D:6      | Found a burning altar of Makhleb.
  5188 | D:6      | Found a hazy altar of Hepliaklqana.
  5355 | D:6      | Reached skill level 7 in Shapeshifting
  5355 | D:6      | Reached XP level 8. HP: 65/74 MP: 7/7
  5542 | D:6      | Found a radiant altar of Vehumet.
  5782 | D:7      | Reached * piety under Qazlal
  5886 | D:7      | Reached skill level 8 in Shapeshifting
  5894 | D:7      | Noticed a green ugly thing
  5901 | D:7      | Killed a green ugly thing
  5902 | D:7      | Reached skill level 9 in Shapeshifting
  6052 | D:7      | Reached XP level 9. HP: 76/80 MP: 8/8
  6096 | D:7      | Reached skill level 10 in Shapeshifting
  6129 | D:7      | Noticed Jeremiah
  6163 | D:7      | Killed Jeremiah
  6392 | D:7      | Reached skill level 11 in Shapeshifting
  6429 | D:7      | Noticed Prince Ribbit
  6445 | D:7      | Killed Prince Ribbit
  6676 | D:8      | Noticed a two-headed ogre
  6682 | D:8      | Killed a two-headed ogre
  6683 | D:8      | Reached skill level 12 in Shapeshifting
  7035 | D:8      | Reached XP level 10. HP: 75/89 MP: 9/9
  7347 | D:9      | Noticed a rust devil
  7348 | D:9      | Noticed a rust devil
  7348 | D:9      | Noticed a rust devil
  7354 | D:9      | Noticed a sun demon
  7522 | D:9      | Reached ** piety under Qazlal
  7728 | D:9      | Reached skill level 13 in Shapeshifting
  7737 | D:9      | Found a broken altar of Ashenzari.
  7884 | D:9      | Found a staircase to the Lair.
  8008 | D:9      | Reached skill level 14 in Shapeshifting
  8022 | D:9      | Noticed a soul eater
  8109 | D:9      | Reached XP level 11. HP: 96/96 MP: 10/10
  8390 | D:10     | Entered Level 10 of the Dungeon
  8399 | D:10     | Reached *** piety under Qazlal
  8515 | D:10     | Noticed Fannar
  8523 | D:10     | Killed Fannar
  8524 | D:10     | Reached skill level 15 in Shapeshifting
  8586 | D:10     | Noticed Erolcha
  8591 | D:10     | Killed Erolcha
  9354 | D:11     | Noticed a skeletal warrior
  9355 | D:11     | Noticed a skeletal warrior
  9361 | D:11     | Noticed a skeletal warrior
  9363 | D:11     | Killed a skeletal warrior
  9369 | D:11     | Killed a skeletal warrior
  9370 | D:11     | Reached skill level 16 in Shapeshifting
  9377 | D:11     | Killed a skeletal warrior
  9564 | D:11     | Reached **** piety under Qazlal
  9674 | D:11     | Found a staircase to the Orcish Mines.
  9702 | D:11     | Reached ***** piety under Qazlal
  9714 | D:11     | Reached skill level 17 in Shapeshifting
  9823 | D:11     | Reached XP level 12. HP: 104/104 MP: 11/11
 10225 | D:12     | Found Lodat's Magic Scroll Boutique.
 10229 | D:12     | Bought a scroll of immolation for 56 gold pieces
 10229 | D:12     | Bought a scroll of fear for 56 gold pieces
 10229 | D:12     | Bought a scroll of identify for 28 gold pieces
 10399 | D:12     | Noticed a two-headed ogre
 10410 | D:12     | Killed a two-headed ogre
 10752 | D:12     | Noticed a catoblepas
 10774 | D:12     | Killed a catoblepas
 11238 | D:13     | Noticed a boulder beetle
 11247 | D:13     | Killed a boulder beetle
 11248 | D:13     | Reached skill level 1 in Throwing
 11333 | D:13     | Noticed a centaur warrior
 11339 | D:13     | Killed a centaur warrior
 11366 | D:13     | Mangled by a large slime creature

Illustrated notes

Levels and vault maps discovered:
D:1:      saegor_arrival_fortress, layout_basic, serial_shops,
          nicolae_diamond_shop, nicolae_shop_advertising_works
          [nicolae_subvault_shop_adworks],
          shapermc_ecumenical_altar_mp_urbaneastern
D:2:      layout_basic
D:3:      layout_basic, nicolae_uskayaw_en_pointe
D:4:      layout_loops_cross, nicolae_qazlal_eye_of_the_storm,
          mainiacjoe_overflow_swirl, uniq_natasha
D:5:      layout_loops_ring, minmay_temple_entry_sparse_star, uniq_sigmund
D:6:      layout_loops_corners, vehumet_statue,
          mainiacjoe_overflow_cross_hatched,
          mainiacjoe_overflow_small_starburst, minmay_misc_feat_encased
D:7:      layout_loops_cross, uniq_jeremiah, uniq_prince_ribbit1
D:8:      layout_loops_ring
D:9:      layout_loops_ring, ashenzari_altar_1, hellmonk_lair_entry_icy
D:10:     layout_loops_ring, the_hattery, uniq_fannar, uniq_erolcha
D:11:     layout_basic, zombieorc2_lemuel
D:12:     layout_grid_maze, serial_shops, shop, hangedman_cracks_in_the_wall
D:13:     layout_gridville, serial_library_hellmonk_small_alcove

Skill      XL: |  1  2  3  4  5  6  7  8  9 10 11 12 |
---------------+-------------------------------------+-----
Fighting       | 1 2 3 |  3.0
Dodging        | 2 3 |  3.4
Shapeshifting  | 4 5 7 9 12 14 17 | 17.8
Unarmed Combat | 4 |  4.8
Throwing       | 1 |  1.3
Invocations    | |  0.9

Action                     |  1- 3 |  4- 6 |  7- 9 | 10-12 || total
---------------------------+-------+-------+-------+-------++-------
  Melee: Unarmed           |    83 |   140 |   167 |   401 ||   791
         Punch             |     2 |     2 |       |       ||     4
         Constrict         |       |       |    27 |    89 ||   116
  Throw: Javelin           |       |       |    10 |       ||    10
Ability: Begin Untransform |       |       |     2 |     2 ||     4
    Use: Scroll            |     3 |     8 |     3 |     3 ||    17
         Potion            |       |     1 |     1 |     3 ||     5
   Stab: Sleeping          |       |     1 |     1 |       ||     2
 Armour: Animal skin       |    46 |    67 |    43 |       ||   156
         Skin              |       |     9 |    72 |   245 ||   326
  Dodge: Dodged            |    33 |    80 |    67 |   156 ||   336
  Block: Other             |       |       |     4 |    55 ||    59
   Form: Serpent           |       |       |     1 |     2 ||     3
         Blade             |       |       |     1 |       ||     1

Table legend: (Time is in decaauts)
 A = Elapsed time spent in this place.
 B = Non-inter-level travel time spent in this place.
 C = Inter-level travel time spent in this place.
 D = Time resting spent in this place.
 E = Time spent auto-exploring this place.
 F = Levels seen in this place.
 G = Mean time per level.
                   A        B        C        D        E       F      G
               +--------+--------+--------+--------+--------+-----+--------+
         Total |  11360 |  10611 |    749 |    949 |   7250 |  13 |  873.8 |
       Dungeon |  11360 |  10611 |    749 |    949 |   7250 |  13 |  873.8 |
               +--------+--------+--------+--------+--------+-----+--------+

Top non-repeatable levels by time:
     D:6: 1216 daAuts
    D:12: 1135 daAuts
     D:4: 1066 daAuts
     D:3: 985 daAuts
     D:1: 932 daAuts
     D:9: 900 daAuts
     D:8: 897 daAuts
    D:10: 897 daAuts
     D:7: 814 daAuts
     D:2: 805 daAuts
     D:5: 780 daAuts
    D:11: 732 daAuts
    D:13: 196 daAuts
